 Dungeon Crawl Stone Soup version 0.17-a0-2069-g0f4ee5b (webtiles) character file.

746 brucemayne the Cleaver (level 7, 0/35 HPs)
             Began as a Vine Stalker Berserker on Oct 13, 2015.
             Was a Follower of Trog.
             Slain by a killer bee (6 damage)
             ... on level 7 of the Dungeon.
             The game lasted 00:04:14 (628 turns).

brucemayne the Cleaver (Vine Stalker Berserker)      Turns: 628, Time: 00:04:15

Health: 0/35       AC:  5    Str: 20    XL:     7   Next: 77%
Magic:  0/8        EV: 11    Int:  7    God:    Trog [*.....]
Gold:   13         SH:  0    Dex: 15    Spells: 0 memorised, 6 levels left

rFire  . . .     SeeInvis .     a - +0 hand axe
rCold  . . .     Clarity  .     n - +0 ring mail
rNeg   . . .     SustAt   .     (no shield)
rPois  .         Gourm    .     (no helmet)
rElec  .         Spirit   +     (no cloak)
rCorr  .         Warding  .     (no gloves)
rMut   .         Stasis   .     (no boots)
MR     ++...                    k - amulet of rage
Stlth  +.........               (no ring)
                                (no ring)

@: lethally poisoned (0 -> 0), exhausted, very slightly contaminated,
regenerating, hasted and slowed, very resistant to hostile enchantments, very
unstealthy
A: fangs 2, regeneration 2, magic shield, antimagic bite, no device heal 3, rot
immunity
a: Burn Spellbooks, Berserk, Renounce Religion, Evoke Berserk Rage


You were on level 7 of the Dungeon.
You worshipped Trog.
Trog was aware of your devotion.
You were near starving.

You visited 1 branch of the dungeon, and saw 6 of its levels.

You collected 13 gold pieces.

Inventory:

Hand Weapons
 a - a +0 hand axe (weapon)
Armour
 b - a +0 animal skin
 n - a +0 ring mail (worn)
Jewellery
 k - an amulet of rage (around neck)
Wands
 u - a wand of lightning (0)
Scrolls
 d - a scroll of identify {unknown}
 f - a scroll of remove curse {unknown}
 g - a scroll of fog {unknown}
 p - 2 scrolls of teleportation {unknown}
 q - 2 scrolls of magic mapping {unknown}
Potions
 h - a potion of curing {unknown}
 j - a potion of might {unknown}
 l - a potion of experience
 r - a potion of cancellation {unknown}
 s - a potion of degeneration {unknown}
 t - a potion of poison {unknown}
Comestibles
 c - a bread ration
 i - 3 fruits
 m - 2 chunks of flesh
 o - a slice of pizza


   Skills:
 - Level 2.6 Fighting
 + Level 12.8 Axes
 - Level 1.5 Armour
 - Level 1.5 Dodging


You had 6 spell levels left.
You didn't know any spells.

Dungeon Overview and Level Annotations

Branches:
Dungeon (7/15)
 Temple: D:4-7

Altars:
Elyvilon


Innate Abilities, Weirdness & Mutations

You have extremely sharp teeth.
You heal very quickly.
When hurt, damage is shared between your health and your magic reserves.
Your bite disrupts and absorbs the magic of your enemies.
Potions and wands cannot restore your health.
You are immune to rotting.


Message History

The killer bee closely misses you. The killer bee stings you.
* * * LOW HITPOINT WARNING * * *
You are more poisoned.
The killer bee poisons you!
Unknown command.
Evoke which item? (* to show all) (? for menu, Esc to quit)
Okay, then.
Drink which item? (? for menu, Esc to quit)
Okay, then.
Read which item? (? for menu, Esc to quit)
Okay, then.
Drink which item? (? for menu, Esc to quit)
Okay, then.
Use which ability?
Your skin crawls.
You feel resistant to hostile enchantments.
You feel slightly more hungry.
You can no longer call upon Trog for regeneration and protection from hostile enchantments.
You feel sick. The killer bee stings you!
You die...

### ..# #.# #.# #.#
#.# #@# #y# #
#y############
....#y...........###
.....................
###.....#....<..#
#.#.#.#.##..###
#.#...#........ #
#.######.#####


You could see 3 killer bees.

Vanquished Creatures
  A hungry ghost (D:7)
  A giant frog (D:6)
  2 killer bees (D:7)
  A scorpion (D:7)
  A crimson imp (D:6)
  An orc wizard (D:4)
  An orc priest (D:4)
  7 orcs (D:4)
  A ball python (D:1)
  5 hobgoblins (D:1)
  2 bats (D:1)
  2 giant newts
  4 goblins
  3 kobolds (D:1)
  3 rats (D:1)
35 creatures vanquished.

Notes
Turn   | Place    | Note
--------------------------------------------------------------
     0 | D:1      | brucemayne the Vine Stalker Berserker began the quest for the Orb.
     0 | D:1      | Reached XP level 1. HP: 11/11 MP: 2/2
    42 | D:1      | Reached skill level 3 in Axes
   103 | D:1      | Reached XP level 2. HP: 16/16 MP: 3/3
   367 | D:2      | You fall through a shaft for 2 floors!
   370 | D:4      | Reached skill level 4 in Axes
   370 | D:4      | Reached XP level 3. HP: 19/19 MP: 4/4
   372 | D:4      | Reached ** piety under Trog
   372 | D:4      | Reached XP level 4. HP: 23/23 MP: 5/5
   449 | D:5      | Entered Level 5 of the Dungeon
   544 | D:6      | Noticed a giant frog
   550 | D:6      | Killed a giant frog
   550 | D:6      | Reached skill level 5 in Axes
   550 | D:6      | Reached XP level 5. HP: 27/27 MP: 4/6
   567 | D:6      | Found a white marble altar of Elyvilon.
   606 | D:7      | Noticed a hungry ghost
   612 | D:7      | Killed a hungry ghost
   612 | D:7      | Reached skill level 6 in Axes
   612 | D:7      | Gained mutation: You heal very quickly. [Vine Stalker growth]
   612 | D:7      | Reached XP level 6. HP: 32/32 MP: 7/7
   618 | D:7      | Reached skill level 12 in Axes
   618 | D:7      | Reached XP level 7. HP: 17/35 MP: 2/8
   628 | D:7      | Slain by a killer bee

Vault maps used:
D:1:      dpeg_arrival_windows_large_door
D:4:      minmay_temple_entry_poolview, first_bread
D:5:      basic_altar, uniq_pikel, uniq_sigmund
D:6:      elyvilon_altar_4
D:7:      uniq_duvessa

Action                   |  1- 3 |  4- 6 |  7- 9 || total
-------------------------+-------+-------+-------++-------
Melee: Hand axe          |    47 |    30 |       ||    77
Invok: Berserk           |     1 |     2 |       ||     3
       Trog's Hand       |       |     2 |     1 ||     3
Evoke: Wand              |       |       |     3 ||     3
  Use: Potion            |       |     1 |     1 ||     2
  Eat: Chunk             |       |     1 |       ||     1
       Fruit             |       |     1 |       ||     1
